MapleLeafs vs Devils

Created - February 9, 2017 at 18:13

Goals
1 2 3 OT1 T
MapleLeafs 0 1 2 1 4
Devils 1 2 0 0 3
Shots
1 2 3 OT1 T
MapleLeafs 6 11 7 2 26
Devils 8 9 7 2 26

1st period

1. Devils , Michal Rozsival 5 (Anton Stralman, Brandon Sutter) at 9:28 (PP)

Penalties :
Tommy Wingels (NJD) for Hooking (Minor) at 3:55, Alexei Emelin (TOR) for Elbowing (Minor) at 8:36, Jonathan Marchessault (TOR) for Tripping (Minor) at 12:26, Mikko Koivu (NJD) for Slashing (Minor) at 15:54, Anton Stralman (NJD) for Hooking (Minor) at 16:20, Jordan Staal (TOR) for Tripping (Minor) at 16:20

2nd period

2. MapleLeafs , Jordan Staal 14 (Ondrej Palat) at 1:54
3. Devils , Tyler Johnson 18 (Colin Greening, Michal Rozsival) at 3:18 (SH)
4. Devils , Mikko Koivu 22 (Valtteri Filppula, Anton Stralman) at 19:55

Penalties :
Drew Stafford (NJD) for Holding (Minor) at 2:35, James Neal (NJD) for Roughing (Minor) at 4:58, Anton Stralman (NJD) for Slashing (Minor) at 11:38, Mikael Backlund (TOR) for Hooking (Minor) at 15:54

3rd period

5. MapleLeafs , Nazem Kadri 13 (Nick Leddy, Milan Lucic) at 1:14 (PP)
6. MapleLeafs , Nick Leddy 3 (Jordan Staal, Kris Russell) at 11:35

Penalties :
Mikko Koivu (NJD) for Holding Stick (Minor) at 0:45, Dougie Hamilton (NJD) for Holding (Minor) at 3:45, Mikko Koivu (NJD) for High sticking (Minor) at 7:36, Jordan Staal (TOR) for Interference (Minor) at 7:36

Overtime #1

7. MapleLeafs , Nazem Kadri 14 (Alexey Marchenko) at 3:12

Penalties :
No Penalty

Goalie Stats

Petr Mrazek (TOR), 23 saves from 26 shots - (0.885), W, 23-14-4, 63:13 minutes
Corey Crawford (NJD), 22 saves from 26 shots - (0.846), OTL, 23-11-7, 63:13 minutes

Players Stats for MapleLeafs

Player Name              G  A  P  +/- PIM S  H  SB GA TA FO     MP     PP MP  PK MP  
------------------------------------------------------------------------------------
Alexei Emelin            0  0  0   0  2   0  3  0  0  0  0/0    23:33   6:03   1:08 
Alexey Marchenko         0  1  1   0  0   0  0  1  0  0  0/0    12:46   0:00   0:00 
Andreas Athanasiou       0  0  0   0  0   1  0  0  0  0  1/5     5:41   0:00   0:52 
Anthony Mantha           0  0  0   0  0   0  0  0  0  0  0/0     2:25   0:00   0:00 
Brendan Leipsic          0  0  0   0  0   0  0  1  0  0  1/3    12:10   0:00   0:00 
Brent Seabrook           0  0  0   0  0   2  0  0  0  0  0/0    27:38   6:03   2:26 
Jamie Oleksiak           0  0  0   0  0   0  0  0  0  0  0/0     3:38   0:00   0:00 
Jonathan Marchessault    0  0  0  -2  2   1  0  0  0  0  1/2    17:30   4:47   0:00 
Joonas Donskoi           0  0  0   2  0   2  0  0  0  0  1/3    20:30   6:03   0:00 
Jordan Staal             1  1  2   2  4   4  3  0  0  0  12/28  26:44   6:02   2:12 
Justin Falk              0  0  0   0  0   0  1  1  0  0  0/0    13:56   0:00   1:21 
Kris Russell             0  1  1   0  0   1  0  1  0  0  0/0    23:00   4:47   2:24 
Landon Ferraro           0  0  0   0  0   1  0  0  0  0  1/4    13:57   0:00   1:42 
Mikael Backlund          0  0  0   0  2   2  0  1  0  0  5/13   13:05   0:00   0:37 
Milan Lucic              0  1  1  -2  0   0  1  0  0  0  2/2    18:13   4:47   0:00 
Nazem Kadri              2  0  2  -2  0   5  4  1  0  0  12/23  24:26   4:47   3:21 
Nick Leddy               1  1  2   0  0   2  4  0  0  0  0/0    21:54   4:47   2:21 
Ondrej Palat             0  1  1   2  0   5  3  0  0  0  0/1    22:53   6:03   0:56 

Players Stats for Devils

Player Name              G  A  P  +/- PIM S  H  SB GA TA FO     MP     PP MP  PK MP  
------------------------------------------------------------------------------------
Ales Hemsky              0  0  0   0  0   0  0  0  0  0  0/0     8:50   0:00   0:00 
Anton Stralman           0  2  2   0  4   1  0  2  0  0  0/0    25:28   2:28   4:40 
Brandon Sutter           0  1  1  -1  0   3  0  0  0  0  10/21  17:32   1:58   1:29 
Colin Greening           0  1  1   1  0   0  0  0  0  0  6/9    11:40   0:18   1:29 
Darren Helm              0  0  0   0  0   1  1  0  0  0  4/9     7:54   0:00   0:00 
Dougie Hamilton          0  0  0  -1  2   2  2  1  0  0  0/0    23:19   2:04   1:07 
Drew Stafford            0  0  0  -1  2   5  0  0  0  0  2/3    20:46   1:58   4:59 
James Neal               0  0  0  -1  2   2  3  0  0  0  1/1    16:13   2:52   0:00 
Johan Franzen            0  0  0   0  0   1  0  0  0  0  0/0     7:54   0:00   0:00 
Michal Rozsival          1  1  2   1  0   1  3  1  0  0  0/0    27:05   2:07   6:00 
Miikka Salomaki          0  0  0   0  0   0  0  0  0  0  0/0     8:33   0:00   0:00 
Mikko Koivu              1  0  1   0  6   5  0  1  0  0  14/24  21:25   2:52   5:02 
Ryan Pulock              0  0  0   0  0   0  1  1  0  0  0/0     1:48   0:00   0:00 
Shayne Gostisbehere      0  0  0   1  0   1  1  0  0  0  0/0    26:44   2:43   5:45 
Steven Kampfer           0  0  0  -1  0   0  3  1  0  0  0/0    20:53   0:00   6:59 
Tommy Wingels            0  0  0   0  2   1  2  0  0  0  0/0     7:53   0:00   0:00 
Tyler Johnson            1  0  1   1  0   3  0  0  0  0  8/13   22:05   2:52   5:22 
Valtteri Filppula        0  1  1   0  0   0  2  0  0  0  3/4    20:20   1:58   5:06 

3 Stars

1 - Michal Rozsival (NJD)
2 - Nazem Kadri (TOR)
3 - Nick Leddy (TOR)

Power Play

MapleLeafs - 1 on 7 Attempt(s) - 14.29%
Devils - 1 on 3 Attempt(s) - 33.33%

Penalty Kill

MapleLeafs - 2 on 3 Attempt(s) - 66.67% - Score 0 goal in Penalty Kill
Devils - 6 on 7 Attempt(s) - 85.71% - Score 1 goal in Penalty Kill

Team Stat

MapleLeafs - Hits : 19 - Faceoff Wins : 36 - Blocked Shots : 6 - Penalty Minutes : 10
Devils - Hits : 18 - Faceoff Wins : 48 - Blocked Shots : 7 - Penalty Minutes : 18

Official

Referees : Graham Skiliter and Mike Hasenfratz
Linesman : Devin Berg and Matt MacPherson

Game Notes

Ryan Pulock is injured at 9:38 of 1st period (Bruised Left Leg)

Finance

Level 1 -- Attendance: 3652 (60.87%) -- Ticket Income $620,840
Level 2 -- Attendance: 2782 (55.64%) -- Ticket Income $336,622
Level 3 -- Attendance: 1250 (62.50%) -- Ticket Income $146,250
Level 4 -- Attendance: 1241 (34.23%) -- Ticket Income $99,280
Luxury Box -- Attendance: 639 (63.90%) -- Ticket Income $175,725
Game was played at the Prudential Center.
Total Attendance: 9564 (54.26%)
Total Ticket Income: $1,378,717
Other Income: $206,808
Total Income: $1,585,525

% Time on Ice - MapleLeafs

Lines # - Real PCT - Wanted PCT - Time Play
Normal Forward
1 - 36% - 40% - 14:27
2 - 32% - 30% - 12:44
3 - 27% - 20% - 10:46
4 - 6% - 10% - 2:25
Normal Defense
1 - 31% - 40% - 12:36
2 - 34% - 30% - 13:38
3 - 28% - 20% - 11:12
4 - 7% - 10% - 2:56
PP Forward
1 - 56% - 60% - 6:03
2 - 44% - 40% - 4:47
PP Defense
1 - 56% - 60% - 6:03
2 - 44% - 40% - 4:47
PK Forward
1 - 69% - 60% - 3:21
2 - 31% - 40% - 1:29
PK Defense
1 - 50% - 60% - 2:26
2 - 50% - 40% - 2:24
PK3 Forward
1 - 0% - 60%
2 - 0% - 40%
PK3 Defense
1 - 0% - 60%
2 - 0% - 40%
44 Forward
1 - 87% - 60% - 3:28
2 - 13% - 40% - 0:30
44 Defense
1 - 71% - 60% - 2:50
2 - 29% - 40% - 1:08
Last Minute Offensive  - 0:00
Last Minute Defensive  - 0:00
Total
Forward - 60:00
Defense - 60:00

% Time on Ice - Devils

Lines # - Real PCT - Wanted PCT - Time Play
Normal Forward
1 - 29% - 29% - 11:43
2 - 30% - 29% - 12:12
3 - 21% - 22% - 8:33
4 - 20% - 20% - 7:54
Normal Defense
1 - 31% - 40% - 12:22
2 - 33% - 40% - 13:11
3 - 34% - 20% - 13:45
4 - 3% - 0% - 1:04
PP Forward
1 - 59% - 70% - 2:52
2 - 41% - 30% - 1:58
PP Defense
1 - 62% - 70% - 3:01
2 - 38% - 30% - 1:49
PK Forward
1 - 49% - 50% - 5:16
2 - 51% - 50% - 5:34
PK Defense
1 - 62% - 60% - 6:40
2 - 38% - 40% - 4:10
PK3 Forward
1 - 96% - 60% - 1:29
2 - 4% - 40% - 0:04
PK3 Defense
1 - 72% - 60% - 1:07
2 - 28% - 40% - 0:26
44 Forward
1 - 56% - 50% - 1:21
2 - 44% - 50% - 1:04
44 Defense
1 - 74% - 50% - 1:47
2 - 26% - 50% - 0:38
Last Minute Offensive  - 0:00
Last Minute Defensive  - 0:00
Total
Forward - 60:00
Defense - 60:00

Play by Play

1st period


0:01 of 1st period - Jordan Staal wins face-off versus Mikko Koivu in neutral zone.
0:43 of 1st period - Shot by Mikko Koivu.
0:43 of 1st period - Stopped by Petr Mrazek with a rebound.
1:25 of 1st period - Shot by James Neal.
1:25 of 1st period - Shot Misses the Net.
1:27 of 1st period - Shot by Brandon Sutter.
1:27 of 1st period - Stopped by Petr Mrazek with a rebound.
1:31 of 1st period - Shot by James Neal.
1:31 of 1st period - Shot Misses the Net.
1:33 of 1st period - Shot by James Neal.
1:33 of 1st period - Shot Misses the Net.
1:52 of 1st period - Brandon Sutter is hit by Nick Leddy and loses puck.
2:50 of 1st period - Shot by Mikael Backlund.
2:50 of 1st period - Stopped by Corey Crawford without a rebound.
2:51 of 1st period - Darren Helm wins face-off versus Mikael Backlund in Devils zone.
3:07 of 1st period - Shot by Darren Helm.
3:07 of 1st period - Deflect By Tommy Wingels.
3:07 of 1st period - Stopped by Petr Mrazek without a rebound.
3:08 of 1st period - Milan Lucic wins face-off versus Mikko Koivu in MapleLeafs zone.
3:25 of 1st period - Shot by Nazem Kadri.
3:25 of 1st period - Shot Misses the Net.
3:42 of 1st period - Shot by Valtteri Filppula.
3:42 of 1st period - Shot Misses the Net.
3:44 of 1st period - Shot by Mikko Koivu.
3:44 of 1st period - Stopped by Petr Mrazek without a rebound.
3:45 of 1st period - Mikael Backlund wins face-off versus Darren Helm in MapleLeafs zone.
3:55 of 1st period - Minor Penalty to Tommy Wingels for Hooking.
3:56 of 1st period - Tyler Johnson wins face-off versus Joonas Donskoi in Devils zone.
3:56 of 1st period - Tyler Johnson is hit by Jordan Staal.
4:30 of 1st period - Shot by Brent Seabrook.
4:30 of 1st period - Stopped by Corey Crawford without a rebound.
4:31 of 1st period - Mikko Koivu wins face-off versus Nazem Kadri in Devils zone.
4:46 of 1st period - Shot by Kris Russell.
4:46 of 1st period - Shot Blocked by Anton Stralman.
6:44 of 1st period - Shot by Drew Stafford.
6:44 of 1st period - Shot Blocked by Alexey Marchenko.
6:47 of 1st period - Icing by Alexey Marchenko.
6:48 of 1st period - Brandon Sutter wins face-off versus Mikael Backlund in MapleLeafs zone.
7:02 of 1st period - Icing by Steven Kampfer.
7:03 of 1st period - Drew Stafford wins face-off versus Andreas Athanasiou in Devils zone.
7:03 of 1st period - Drew Stafford is hit by Jordan Staal.
7:15 of 1st period - Shot by Drew Stafford.
7:15 of 1st period - Shot Misses the Net.
7:23 of 1st period - Shot by Drew Stafford.
7:23 of 1st period - Stopped by Petr Mrazek without a rebound.
7:24 of 1st period - Nazem Kadri wins face-off versus Colin Greening in MapleLeafs zone.
8:36 of 1st period - Minor Penalty to Alexei Emelin for Elbowing.
8:37 of 1st period - Jordan Staal wins face-off versus Mikko Koivu in MapleLeafs zone.
8:58 of 1st period - Shot by James Neal.
8:58 of 1st period - Shot Misses the Net.
9:24 of 1st period - Shot by Anton Stralman.
9:24 of 1st period - Stopped by Petr Mrazek without a rebound.
9:25 of 1st period - Brandon Sutter wins face-off versus Mikael Backlund in MapleLeafs zone.
9:28 of 1st period - Shot by Michal Rozsival.
9:28 of 1st period - Goal by Michal Rozsival - MapleLeafs : 0 - Devils : 1.
9:29 of 1st period - Mikael Backlund wins face-off versus Darren Helm in neutral zone.
9:31 of 1st period - Nick Leddy is hit by Ryan Pulock and loses puck.
9:38 of 1st period - Shot by Mikael Backlund.
9:38 of 1st period - Shot Blocked by Ryan Pulock.
9:38 of 1st period - Ryan Pulock from Devils is injured at 9:38 of 1st period (Bruised Left Leg).
9:39 of 1st period - Drew Stafford wins face-off versus Mikael Backlund in Devils zone.
10:11 of 1st period - Icing by Michal Rozsival.
10:12 of 1st period - Brandon Sutter wins face-off versus Jordan Staal in Devils zone.
12:20 of 1st period - Icing by Dougie Hamilton.
12:21 of 1st period - Colin Greening wins face-off versus Nazem Kadri in Devils zone.
12:21 of 1st period - Colin Greening is hit by Nazem Kadri.
12:26 of 1st period - Minor Penalty to Jonathan Marchessault for Tripping.
12:27 of 1st period - Tyler Johnson wins face-off versus Landon Ferraro in MapleLeafs zone.
13:00 of 1st period - Tyler Johnson is hit by Nick Leddy and loses puck.
13:12 of 1st period - Icing by Anton Stralman.
13:13 of 1st period - Mikko Koivu wins face-off versus Landon Ferraro in Devils zone.
13:26 of 1st period - Icing by Mikko Koivu.
13:27 of 1st period - Mikko Koivu wins face-off versus Landon Ferraro in Devils zone.
15:34 of 1st period - Icing by Alexey Marchenko.
15:35 of 1st period - Mikko Koivu wins face-off versus Mikael Backlund in MapleLeafs zone.
15:54 of 1st period - Minor Penalty to Mikko Koivu for Slashing.
15:55 of 1st period - Tyler Johnson wins face-off versus Jordan Staal in Devils zone.
16:20 of 1st period - Minor Penalty to Anton Stralman for Hooking.
16:20 of 1st period - Minor Penalty to Jordan Staal for Tripping.
16:21 of 1st period - Andreas Athanasiou wins face-off versus Brandon Sutter in Devils zone.
16:56 of 1st period - Shot by Andreas Athanasiou.
16:56 of 1st period - Stopped by Corey Crawford with a rebound.
16:58 of 1st period - Shot by Nazem Kadri.
16:58 of 1st period - Stopped by Corey Crawford without a rebound.
16:59 of 1st period - Brandon Sutter wins face-off versus Andreas Athanasiou in Devils zone.
16:59 of 1st period - Brandon Sutter is hit by Nazem Kadri.
17:15 of 1st period - Shot by Nazem Kadri.
17:15 of 1st period - Stopped by Corey Crawford without a rebound.
17:16 of 1st period - Tyler Johnson wins face-off versus Brendan Leipsic in Devils zone.
18:16 of 1st period - Shot by Mikko Koivu.
18:16 of 1st period - Stopped by Petr Mrazek with a rebound.
18:52 of 1st period - Shot by Jordan Staal.
18:52 of 1st period - Stopped by Corey Crawford without a rebound.
18:53 of 1st period - Mikko Koivu wins face-off versus Jordan Staal in Devils zone.
19:11 of 1st period - Icing by Ondrej Palat.
19:12 of 1st period - Colin Greening wins face-off versus Jordan Staal in MapleLeafs zone.
19:25 of 1st period - Shot by Colin Greening.
19:25 of 1st period - Shot Misses the Net.
19:27 of 1st period - Shot by Shayne Gostisbehere.
19:27 of 1st period - Shot Misses the Net.
19:35 of 1st period - Shot by Ales Hemsky.
19:35 of 1st period - Shot Misses the Net.
Goals for this period are 0 for MapleLeafs vs 1 for Devils.
Shots for this period are 6 for MapleLeafs vs 8 for Devils.

2nd period


0:01 of 2nd period - Brandon Sutter wins face-off versus Nazem Kadri in neutral zone.
0:01 of 2nd period - Brandon Sutter is hit by Milan Lucic.
0:22 of 2nd period - James Neal is hit by Alexei Emelin and loses puck.
0:43 of 2nd period - Off-side.
0:44 of 2nd period - Mikko Koivu wins face-off versus Jordan Staal in neutral zone.
1:01 of 2nd period - Icing by Anton Stralman.
1:02 of 2nd period - Mikko Koivu wins face-off versus Mikael Backlund in Devils zone.
1:16 of 2nd period - Shot by Dougie Hamilton.
1:16 of 2nd period - Stopped by Petr Mrazek with a rebound.
1:54 of 2nd period - Shot by Jordan Staal.
1:54 of 2nd period - Goal by Jordan Staal - MapleLeafs : 1 - Devils : 1.
1:55 of 2nd period - Brandon Sutter wins face-off versus Nazem Kadri in neutral zone.
1:57 of 2nd period - Shayne Gostisbehere is hit by Alexei Emelin.
2:11 of 2nd period - Shot by Shayne Gostisbehere.
2:11 of 2nd period - Shot Misses the Net.
2:13 of 2nd period - Shot by Drew Stafford.
2:13 of 2nd period - Stopped by Petr Mrazek without a rebound.
2:14 of 2nd period - Jordan Staal wins face-off versus Darren Helm in MapleLeafs zone.
2:14 of 2nd period - Jordan Staal is hit by Darren Helm.
2:34 of 2nd period - Shot by Darren Helm.
2:34 of 2nd period - Stopped by Petr Mrazek without a rebound.
2:35 of 2nd period - Nazem Kadri wins face-off versus Brandon Sutter in MapleLeafs zone.
2:35 of 2nd period - Minor Penalty to Drew Stafford for Holding.
2:36 of 2nd period - Jordan Staal wins face-off versus Mikko Koivu in Devils zone.
2:39 of 2nd period - Shot by Joonas Donskoi.
2:39 of 2nd period - Deflect By Ondrej Palat.
2:39 of 2nd period - Shot Misses the Net.
2:50 of 2nd period - Shot by Ondrej Palat.
2:50 of 2nd period - Stopped by Corey Crawford without a rebound.
2:51 of 2nd period - Tyler Johnson wins face-off versus Nazem Kadri in Devils zone.
3:16 of 2nd period - Shot by Tyler Johnson.
3:16 of 2nd period - Shot Misses the Net.
3:18 of 2nd period - Shot by Tyler Johnson.
3:18 of 2nd period - Goal by Tyler Johnson - MapleLeafs : 1 - Devils : 2.
3:19 of 2nd period - Valtteri Filppula wins face-off versus Jordan Staal in neutral zone.
3:32 of 2nd period - Anton Stralman is hit by Jordan Staal and loses puck.
4:43 of 2nd period - Shot by Brendan Leipsic.
4:43 of 2nd period - Deflect By Mikael Backlund.
4:43 of 2nd period - Shot Misses the Net.
4:46 of 2nd period - Mikael Backlund is hit by Dougie Hamilton and loses puck.
4:58 of 2nd period - Minor Penalty to James Neal for Roughing.
4:59 of 2nd period - Nazem Kadri wins face-off versus Mikko Koivu in Devils zone.
6:11 of 2nd period - Shot by Jordan Staal.
6:11 of 2nd period - Deflect By Ondrej Palat.
6:11 of 2nd period - Stopped by Corey Crawford without a rebound.
6:12 of 2nd period - Jordan Staal wins face-off versus Tyler Johnson in Devils zone.
6:15 of 2nd period - Shot by Ondrej Palat.
6:15 of 2nd period - Stopped by Corey Crawford with a rebound.
6:17 of 2nd period - Shot by Ondrej Palat.
6:17 of 2nd period - Stopped by Corey Crawford with a rebound.
6:38 of 2nd period - Alexei Emelin is hit by Shayne Gostisbehere and loses puck.
7:07 of 2nd period - Icing by Darren Helm.
7:08 of 2nd period - Nazem Kadri wins face-off versus Darren Helm in Devils zone.
7:09 of 2nd period - Shot by Milan Lucic.
7:09 of 2nd period - Shot Blocked by Dougie Hamilton.
7:11 of 2nd period - Shot by Nick Leddy.
7:11 of 2nd period - Stopped by Corey Crawford with a rebound.
7:13 of 2nd period - Shot by Milan Lucic.
7:13 of 2nd period - Shot Misses the Net.
7:54 of 2nd period - Icing by Steven Kampfer.
7:55 of 2nd period - Darren Helm wins face-off versus Mikael Backlund in Devils zone.
8:12 of 2nd period - Shot by James Neal.
8:12 of 2nd period - Shot Blocked by Mikael Backlund.
8:14 of 2nd period - Shot by Drew Stafford.
8:14 of 2nd period - Shot Blocked by Brendan Leipsic.
9:27 of 2nd period - Shot by Mikko Koivu.
9:27 of 2nd period - Shot Misses the Net.
9:57 of 2nd period - Shot by Nazem Kadri.
9:57 of 2nd period - Stopped by Corey Crawford without a rebound.
9:58 of 2nd period - Jonathan Marchessault wins face-off versus Darren Helm in Devils zone.
10:46 of 2nd period - James Neal is hit by Nick Leddy and loses puck.
10:53 of 2nd period - Brandon Sutter is hit by Nazem Kadri and loses puck.
11:12 of 2nd period - Shot by James Neal.
11:12 of 2nd period - Shot Misses the Net.
11:14 of 2nd period - Shot by Drew Stafford.
11:14 of 2nd period - Stopped by Petr Mrazek without a rebound.
11:15 of 2nd period - Mikko Koivu wins face-off versus Andreas Athanasiou in MapleLeafs zone.
11:38 of 2nd period - Minor Penalty to Anton Stralman for Slashing.
11:39 of 2nd period - Tyler Johnson wins face-off versus Ondrej Palat in Devils zone.
11:50 of 2nd period - Shot by Brent Seabrook.
11:50 of 2nd period - Shot Blocked by Mikko Koivu.
12:33 of 2nd period - Shot by Kris Russell.
12:33 of 2nd period - Stopped by Corey Crawford without a rebound.
12:34 of 2nd period - Milan Lucic wins face-off versus Tyler Johnson in Devils zone.
14:19 of 2nd period - Shot by Landon Ferraro.
14:19 of 2nd period - Stopped by Corey Crawford with a rebound.
14:37 of 2nd period - Anthony Mantha is hit by Tommy Wingels and loses puck.
15:13 of 2nd period - Milan Lucic is hit by Steven Kampfer and loses puck.
15:54 of 2nd period - Minor Penalty to Mikael Backlund for Hooking.
15:55 of 2nd period - Jordan Staal wins face-off versus Mikko Koivu in MapleLeafs zone.
15:55 of 2nd period - Jordan Staal is hit by James Neal.
16:43 of 2nd period - Shot by Colin Greening.
16:43 of 2nd period - Shot Misses the Net.
16:51 of 2nd period - Shot by Drew Stafford.
16:51 of 2nd period - Stopped by Petr Mrazek without a rebound.
16:52 of 2nd period - Brandon Sutter wins face-off versus Jordan Staal in MapleLeafs zone.
17:01 of 2nd period - Shot by Drew Stafford.
17:01 of 2nd period - Stopped by Petr Mrazek without a rebound.
17:02 of 2nd period - Jordan Staal wins face-off versus Tyler Johnson in MapleLeafs zone.
17:24 of 2nd period - James Neal is hit by Nick Leddy and loses puck.
17:27 of 2nd period - Shot by Shayne Gostisbehere.
17:27 of 2nd period - Stopped by Petr Mrazek without a rebound.
17:28 of 2nd period - Jordan Staal wins face-off versus Brandon Sutter in MapleLeafs zone.
17:42 of 2nd period - Icing by Anton Stralman.
17:43 of 2nd period - Jordan Staal wins face-off versus Brandon Sutter in Devils zone.
18:03 of 2nd period - Alexey Marchenko is hit by Steven Kampfer and loses puck.
18:09 of 2nd period - Mikael Backlund is hit by Dougie Hamilton and loses puck.
18:14 of 2nd period - Shot by Mikael Backlund.
18:14 of 2nd period - Stopped by Corey Crawford without a rebound.
18:15 of 2nd period - James Neal wins face-off versus Jordan Staal in Devils zone.
18:44 of 2nd period - Joonas Donskoi is hit by Michal Rozsival and loses puck.
18:50 of 2nd period - Joonas Donskoi is hit by Michal Rozsival and loses puck.
18:53 of 2nd period - Shot by Jordan Staal.
18:53 of 2nd period - Shot Misses the Net.
19:12 of 2nd period - Icing by Brandon Sutter.
19:13 of 2nd period - Nazem Kadri wins face-off versus Brandon Sutter in Devils zone.
19:16 of 2nd period - Shot by Milan Lucic.
19:16 of 2nd period - Shot Misses the Net.
19:20 of 2nd period - Shot by Milan Lucic.
19:20 of 2nd period - Shot Blocked by Michal Rozsival.
19:22 of 2nd period - Shot by Brent Seabrook.
19:22 of 2nd period - Stopped by Corey Crawford without a rebound.
19:23 of 2nd period - Tyler Johnson wins face-off versus Nazem Kadri in Devils zone.
19:40 of 2nd period - Nazem Kadri is hit by Valtteri Filppula and loses puck.
19:45 of 2nd period - Shot by Mikko Koivu.
19:45 of 2nd period - Shot Misses the Net.
19:55 of 2nd period - Shot by Mikko Koivu.
19:55 of 2nd period - Goal by Mikko Koivu - MapleLeafs : 1 - Devils : 3.
19:56 of 2nd period - Mikael Backlund wins face-off versus Colin Greening in neutral zone.
Goals for this period are 1 for MapleLeafs vs 2 for Devils.
Shots for this period are 11 for MapleLeafs vs 9 for Devils.

3rd period


0:01 of 3rd period - Mikko Koivu wins face-off versus Jordan Staal in neutral zone.
0:08 of 3rd period - Shot by Mikko Koivu.
0:08 of 3rd period - Shot Misses the Net.
0:18 of 3rd period - Shot by Jordan Staal.
0:18 of 3rd period - Stopped by Corey Crawford without a rebound.
0:19 of 3rd period - Nazem Kadri wins face-off versus Brandon Sutter in Devils zone.
0:36 of 3rd period - Shot by Brandon Sutter.
0:36 of 3rd period - Shot Misses the Net.
0:38 of 3rd period - Shot by Brandon Sutter.
0:38 of 3rd period - Stopped by Petr Mrazek without a rebound.
0:39 of 3rd period - Jordan Staal wins face-off versus Mikko Koivu in MapleLeafs zone.
0:45 of 3rd period - Minor Penalty to Mikko Koivu for Holding Stick.
0:46 of 3rd period - Jordan Staal wins face-off versus Drew Stafford in Devils zone.
0:53 of 3rd period - Shot by Jordan Staal.
0:53 of 3rd period - Shot Misses the Net.
0:59 of 3rd period - Shot by Ondrej Palat.
0:59 of 3rd period - Stopped by Corey Crawford without a rebound.
1:00 of 3rd period - Tyler Johnson wins face-off versus Nazem Kadri in Devils zone.
1:00 of 3rd period - Tyler Johnson is hit by Nazem Kadri.
1:14 of 3rd period - Shot by Nazem Kadri.
1:14 of 3rd period - Goal by Nazem Kadri - MapleLeafs : 2 - Devils : 3.
1:15 of 3rd period - Colin Greening wins face-off versus Jordan Staal in neutral zone.
1:20 of 3rd period - Icing by Alexei Emelin.
1:21 of 3rd period - Jordan Staal wins face-off versus Valtteri Filppula in MapleLeafs zone.
1:32 of 3rd period - Mikko Koivu is hit by Ondrej Palat and loses puck.
1:43 of 3rd period - Ondrej Palat is hit by Valtteri Filppula and loses puck.
2:03 of 3rd period - Icing by Valtteri Filppula.
2:04 of 3rd period - Nazem Kadri wins face-off versus Mikko Koivu in Devils zone.
2:07 of 3rd period - Shot by Milan Lucic.
2:07 of 3rd period - Shot Misses the Net.
2:28 of 3rd period - Icing by Michal Rozsival.
2:29 of 3rd period - Landon Ferraro wins face-off versus Mikko Koivu in Devils zone.
2:40 of 3rd period - Shot by Mikael Backlund.
2:40 of 3rd period - Deflect By Brendan Leipsic.
2:40 of 3rd period - Shot Hit the Post.
3:13 of 3rd period - Icing by Alexey Marchenko.
3:14 of 3rd period - Mikael Backlund wins face-off versus Brandon Sutter in MapleLeafs zone.
3:14 of 3rd period - Mikael Backlund is hit by James Neal.
3:21 of 3rd period - Mikael Backlund is hit by James Neal and loses puck.
3:45 of 3rd period - Minor Penalty to Dougie Hamilton for Holding.
3:46 of 3rd period - Colin Greening wins face-off versus Nazem Kadri in Devils zone.
3:59 of 3rd period - Shot by Nick Leddy.
3:59 of 3rd period - Deflect By Milan Lucic.
3:59 of 3rd period - Shot Misses the Net.
4:01 of 3rd period - Shot by Jonathan Marchessault.
4:01 of 3rd period - Stopped by Corey Crawford without a rebound.
4:02 of 3rd period - Mikko Koivu wins face-off versus Jordan Staal in Devils zone.
4:13 of 3rd period - Steven Kampfer is hit by Ondrej Palat and loses puck.
4:40 of 3rd period - Shot by Brent Seabrook.
4:40 of 3rd period - Shot Blocked by Steven Kampfer.
4:57 of 3rd period - Icing by Nick Leddy.
4:58 of 3rd period - Nazem Kadri wins face-off versus Tyler Johnson in MapleLeafs zone.
5:58 of 3rd period - Icing by Dougie Hamilton.
5:59 of 3rd period - Darren Helm wins face-off versus Joonas Donskoi in Devils zone.
5:59 of 3rd period - Dougie Hamilton is hit by Ondrej Palat.
6:02 of 3rd period - Johan Franzen is hit by Alexei Emelin and loses puck.
6:06 of 3rd period - Icing by Brent Seabrook.
6:07 of 3rd period - Colin Greening wins face-off versus Jordan Staal in MapleLeafs zone.
6:35 of 3rd period - Shot by Miikka Salomaki.
6:35 of 3rd period - Shot Misses the Net.
6:37 of 3rd period - Shot by Dougie Hamilton.
6:37 of 3rd period - Stopped by Petr Mrazek without a rebound.
6:38 of 3rd period - Mikko Koivu wins face-off versus Nazem Kadri in MapleLeafs zone.
7:06 of 3rd period - Milan Lucic is hit by Michal Rozsival and loses puck.
7:36 of 3rd period - Minor Penalty to Mikko Koivu for High sticking.
7:36 of 3rd period - Minor Penalty to Jordan Staal for Interference.
7:37 of 3rd period - Brendan Leipsic wins face-off versus Brandon Sutter in neutral zone.
7:46 of 3rd period - Shot by Brendan Leipsic.
7:46 of 3rd period - Shot Misses the Net.
8:00 of 3rd period - Shot by Brandon Sutter.
8:00 of 3rd period - Shot Misses the Net.
8:06 of 3rd period - Shot by Brandon Sutter.
8:06 of 3rd period - Stopped by Petr Mrazek without a rebound.
8:07 of 3rd period - Brandon Sutter wins face-off versus Andreas Athanasiou in MapleLeafs zone.
8:52 of 3rd period - Shot by Colin Greening.
8:52 of 3rd period - Shot Misses the Net.
9:36 of 3rd period - Shot by Ales Hemsky.
9:36 of 3rd period - Shot Blocked by Kris Russell.
9:56 of 3rd period - Shot by Tommy Wingels.
9:56 of 3rd period - Shot Misses the Net.
10:04 of 3rd period - Shot by Johan Franzen.
10:04 of 3rd period - Stopped by Petr Mrazek without a rebound.
10:05 of 3rd period - Nazem Kadri wins face-off versus Brandon Sutter in MapleLeafs zone.
10:21 of 3rd period - Shot by Nazem Kadri.
10:21 of 3rd period - Shot Misses the Net.
11:33 of 3rd period - Shot by Jordan Staal.
11:33 of 3rd period - Shot Misses the Net.
11:35 of 3rd period - Shot by Nick Leddy.
11:35 of 3rd period - Goal by Nick Leddy - MapleLeafs : 3 - Devils : 3.
11:36 of 3rd period - Valtteri Filppula wins face-off versus Mikael Backlund in neutral zone.
11:41 of 3rd period - Shot by Mikko Koivu.
11:41 of 3rd period - Shot Misses the Net.
12:05 of 3rd period - Shot by Tyler Johnson.
12:05 of 3rd period - Stopped by Petr Mrazek without a rebound.
12:06 of 3rd period - Colin Greening wins face-off versus Nazem Kadri in MapleLeafs zone.
12:06 of 3rd period - Ales Hemsky is hit by Justin Falk and loses puck.
12:28 of 3rd period - Off-side.
12:29 of 3rd period - Mikko Koivu wins face-off versus Jordan Staal in neutral zone.
12:46 of 3rd period - Shot by Mikko Koivu.
12:46 of 3rd period - Shot Misses the Net.
13:02 of 3rd period - Shot by Mikko Koivu.
13:02 of 3rd period - Stopped by Petr Mrazek without a rebound.
13:03 of 3rd period - Nazem Kadri wins face-off versus Colin Greening in MapleLeafs zone.
14:23 of 3rd period - Off-side.
14:24 of 3rd period - Mikael Backlund wins face-off versus Tyler Johnson in neutral zone.
16:47 of 3rd period - Shot by Jonathan Marchessault.
16:47 of 3rd period - Shot Misses the Net.
17:34 of 3rd period - Jordan Staal is hit by Tommy Wingels.
17:52 of 3rd period - Icing by Dougie Hamilton.
17:53 of 3rd period - Darren Helm wins face-off versus Brendan Leipsic in Devils zone.
18:12 of 3rd period - Shot by Joonas Donskoi.
18:12 of 3rd period - Stopped by Corey Crawford without a rebound.
18:13 of 3rd period - Nazem Kadri wins face-off versus Mikko Koivu in Devils zone.
18:13 of 3rd period - Jonathan Marchessault is hit by Steven Kampfer and loses puck.
18:28 of 3rd period - Icing by Brent Seabrook.
18:29 of 3rd period - Brandon Sutter wins face-off versus Nazem Kadri in MapleLeafs zone.
18:35 of 3rd period - Shot by James Neal.
18:35 of 3rd period - Stopped by Petr Mrazek without a rebound.
18:36 of 3rd period - Joonas Donskoi wins face-off versus Brandon Sutter in MapleLeafs zone.
19:13 of 3rd period - Shot by Jordan Staal.
19:13 of 3rd period - Deflect By Joonas Donskoi.
19:13 of 3rd period - Stopped by Corey Crawford with a rebound.
19:36 of 3rd period - Icing by Steven Kampfer.
19:37 of 3rd period - Brandon Sutter wins face-off versus Jonathan Marchessault in Devils zone.
Goals for this period are 2 for MapleLeafs vs 0 for Devils.
Shots for this period are 7 for MapleLeafs vs 7 for Devils.

Overtime #1


0:01 of 1st overtime period - Mikko Koivu wins face-off versus Jordan Staal in neutral zone.
0:20 of 1st overtime period - Shot by James Neal.
0:20 of 1st overtime period - Stopped by Petr Mrazek without a rebound.
0:21 of 1st overtime period - Mikko Koivu wins face-off versus Jordan Staal in MapleLeafs zone.
0:56 of 1st overtime period - Shot by Tyler Johnson.
0:56 of 1st overtime period - Stopped by Petr Mrazek without a rebound.
0:57 of 1st overtime period - Nazem Kadri wins face-off versus Brandon Sutter in MapleLeafs zone.
1:39 of 1st overtime period - Shot by Brandon Sutter.
1:39 of 1st overtime period - Shot Blocked by Justin Falk.
1:41 of 1st overtime period - Shot by Brandon Sutter.
1:41 of 1st overtime period - Shot Blocked by Nazem Kadri.
2:13 of 1st overtime period - Shot by Jordan Staal.
2:13 of 1st overtime period - Stopped by Corey Crawford without a rebound.
2:14 of 1st overtime period - Valtteri Filppula wins face-off versus Jordan Staal in Devils zone.
2:49 of 1st overtime period - Shot by Jordan Staal.
2:49 of 1st overtime period - Shot Misses the Net.
2:51 of 1st overtime period - Shot by Jordan Staal.
2:51 of 1st overtime period - Shot Blocked by Anton Stralman.
3:12 of 1st overtime period - Shot by Nazem Kadri.
3:12 of 1st overtime period - Goal by Nazem Kadri - MapleLeafs : 4 - Devils : 3.
Goals for this period are 1 for MapleLeafs vs 0 for Devils.
Shots for this period are 2 for MapleLeafs vs 2 for Devils.